 Dungeon Crawl Stone Soup version 0.22.1-2-g9c5b331 (webtiles) character file.

224 Matador8 the Insei (level 6, -10/43 HPs)
             Began as a Merfolk Transmuter on Dec 19, 2018.
             Was an Initiate of Qazlal.
             Mangled by a two-headed ogre
             ... wielding a +0 giant spiked club
              (27 damage)
             ... on level 4 of the Dungeon.
             The game lasted 00:18:56 (3916 turns).

Matador8 the Insei (Merfolk Transmuter)             Turns: 3916, Time: 00:19:00

Health: -10/43     AC:  5    Str: 11    XL:     6   Next: 0%
Magic:  2/9        EV: 11    Int: 13    God:    Qazlal [......]
Gold:   209        SH:  0    Dex: 15    Spells: 3/9 levels left

rFire    . . .     SeeInvis .     - Unarmed
rCold    . . .     Gourm    .   (no shield)
rNeg     . . .     Faith    .   s - +0 ring mail
rPois    .         Spirit   .   (no helmet)
rElec    .         Reflect  .   (no cloak)
rCorr    .         Harm     .   (no gloves)
MR       .....                  (no boots)
Stlth    +.........             (no amulet)
HPRegen  0.14/turn              (no ring)
MPRegen  0.11/turn              (no ring)

@: very slightly contaminated
A: change form in water, swift swim, stealthy swim
a: Renounce Religion


You were on level 4 of the Dungeon.
You worshipped Qazlal.
Qazlal was noncommittal.
You were not hungry.

You visited 1 branch of the dungeon, and saw 4 of its levels.

You collected 209 gold pieces.

Inventory:

Missiles
 a - 62 arrows
 l - 8 javelins (quivered)
Armour
 b - a +0 robe
 i - a +0 helmet
 s - a +0 ring mail (worn)
Magical Staves
 x - an uncursed staff of earth {unknown}
Jewellery
 q - a +2 ring of evasion {unknown}
Wands
 p - a wand of iceblast (5)
Scrolls
 e - a scroll of teleportation {unknown}
 f - a scroll of enchant armour {unknown}
 g - 2 scrolls of noise {unknown}
 k - 2 scrolls of remove curse
 n - a scroll of blinking {unknown}
 o - 3 scrolls of immolation {unknown}
 t - a scroll of identify {unknown}
 v - a scroll of amnesia {unknown}
 w - a scroll of enchant weapon {unknown}
Potions
 c - 2 potions of lignification {unknown}
 j - 6 potions of curing
 m - a potion of heal wounds {unknown}
 r - a potion of agility {unknown}
 u - 2 potions of flight {unknown}
Comestibles
 d - 4 rations
 h - 3 chunks of flesh


   Skills:
 - Level 1.1 Fighting
 - Level 2.6 Dodging
 + Level 5.8 Unarmed Combat
 - Level 2.0 Spellcasting
 + Level 5.5 Transmutations


You had 3 spell levels left.
You knew the following spells:

 Your Spells              Type           Power        Failure   Level  Hunger
a - Beastly Appendage     Tmut           ###...       6%          1    ##.....
b - Sticks to Snakes      Tmut           ###.....     10%         2    ###....
c - Spider Form           Tmut/Pois      #.........   52%         3    ####...

Your spell library contained the following spells:

 Spells                   Type           Power        Failure   Level  Hunger
 Blade Hands              Tmut           ###.......   87%         5    ######.
 Ice Form                 Ice/Tmut       #.......     89%         4    #####..


Dungeon Overview and Level Annotations

Branches:
Dungeon (4/15)
 Temple: D:4-7

Altars:
Ashenzari
Fedhas
Hepliaklqana
Qazlal
Sif Muna
Vehumet

Annotations:
D:4 Sigmund


Message History

Your adder barely misses the two-headed ogre.
Your adder bites the two-headed ogre.
The two-headed ogre is poisoned.
Your adder poisons the two-headed ogre!
Your ball python bites the two-headed ogre.
The two-headed ogre barely misses you.
The two-headed ogre completely misses you.
Your ball python bites the two-headed ogre but does no damage.
Your adder bites the two-headed ogre.
The two-headed ogre looks as sick as possible!
Your adder poisons the two-headed ogre!
Casting: Sticks to Snakes (safe; 10% risk of failure)
Confirm with . or Enter, or press ? or * to list all spells.
You don't have enough magic to cast that spell.
Your adder bites the two-headed ogre.
The two-headed ogre looks as sick as possible!
Your adder poisons the two-headed ogre!
The two-headed ogre hits you with a giant spiked club!!
The two-headed ogre hits you with a giant club!!
Ouch! That really hurt!
You die...

# #....#
############### #....#
+.............# #....#
###...........###....#
..#.............'....#
#.#.##.......####....#
.....+.........>#....#
..#.##.......##.#....#
###.##........S.@..###
. ...'........SO...# #
#.##......$.........
#.####'###............
#.. .'............ ##
.##........####
#........# #........#


You could see a two-headed ogre, a friendly adder and a friendly ball python.

Vanquished Creatures
  A howler monkey (D:4)
  A worker ant (D:4)
  6 adders
  2 oozes
  2 worms
  3 dart slugs (D:1)
  4 giant cockroaches
  10 hobgoblins
  9 jackals
  9 kobolds
  A quokka (D:3)
  2 ball pythons
  3 bats
  6 frilled lizards
  7 rats
66 creatures vanquished.

Vanquished Creatures (collateral kills)
  An iguana (D:4)
  4 adders
  A giant cockroach (D:3)
  A goblin (D:3)
  A rat (D:2)
8 creatures vanquished.

Grand Total: 74 creatures vanquished

Notes
Turn   | Place    | Note
-------+----------+-------------------------------------------
     0 | D:1      | Matador8 the Merfolk Transmuter began the quest for the
                  | Orb.
     0 | D:1      | Reached XP level 1. HP: 15/15 MP: 3/3
   379 | D:1      | Reached XP level 2. HP: 21/21 MP: 1/5
   472 | D:1      | Learned a level 2 spell: Sticks to Snakes
   845 | D:1      | Reached XP level 3. HP: 24/26 MP: 4/6
  1128 | D:1      | Learned a level 3 spell: Spider Form
  1568 | D:2      | Reached XP level 4. HP: 27/32 MP: 2/7
  1716 | D:2      | Found a stormy altar of Qazlal.
  1782 | D:2      | Reached skill level 5 in Unarmed Combat
  1966 | D:3      | Found a shattered altar of Ashenzari.
  1967 | D:3      | Found a hazy altar of Hepliaklqana.
  2153 | D:3      | Reached XP level 5. HP: 25/37 MP: 3/8
  2207 | D:3      | Found a radiant altar of Vehumet.
  2207 | D:3      | Found a deep blue altar of Sif Muna.
  2817 | D:3      | Found a blossoming altar of Fedhas.
  3070 | D:2      | Became a worshipper of Qazlal Stormbringer
  3176 | D:4      | Reached skill level 5 in Transmutations
  3188 | D:4      | Noticed a phantom
  3678 | D:4      | Noticed Sigmund
  3899 | D:4      | Reached XP level 6. HP: 36/43 MP: 6/9
  3909 | D:4      | Noticed a two-headed ogre
  3916 | D:4      | Mangled by a two-headed ogre

Skill      XL: |  1  2  3  4  5 |
---------------+----------------+-----
Unarmed Combat | 4 5 |  5.8
Transmutations | 3 4 5 |  5.5
Fighting       | |  1.1
Dodging        | |  2.6
Spellcasting   | |  2.0

Action                   |  1- 3 |  4- 6 || total
-------------------------+-------+-------++-------
Melee: Unarmed           |   142 |   114 ||   256
       Headbutt          |     8 |    12 ||    20
       Punch             |     1 |     2 ||     3
 Cast: Beastly Appendage |    10 |    11 ||    21
       Sticks to Snakes  |     5 |    18 ||    23
       Spider Form       |       |     1 ||     1
  Use: Scroll            |       |     1 ||     1
       Potion            |       |     1 ||     1
 Stab: Sleeping          |       |     2 ||     2
       Distracted        |       |     1 ||     1
  Eat: Chunk             |     3 |     7 ||    10
       Ration            |       |     1 ||     1
Armor: Robe              |    31 |     6 ||    37
       Ring mail         |       |     3 ||     3
Dodge: Dodged            |   103 |    62 ||   165
